 Dungeon Crawl Stone Soup version 0.28.0-62-gf88900778d (webtiles) character file.

Game seed: 5662110981456441441

24 Froggeryz the Firebug (level 3, -1/21 HPs)
             Began as an Octopode Fire Elementalist on Nov 10, 2023.
             Slain by a goblin
             ... wielding a +0 club
              (4 damage)
             ... on level 1 of the Dungeon.
             The game lasted 00:01:45 (983 turns).

Froggeryz the Firebug (Octopode Fire Elementalist)   Turns: 983, Time: 00:01:46

Health: -1/21      AC:  1    Str:  7    XL:     3   Next: 2%
Magic:  0/6        EV: 13    Int: 19    God:
Gold:   49         SH:  0    Dex: 12    Spells: 5/6 levels left

rFire   . . .      SeeInvis .   (no weapon)
rCold   . . .      Faith    .   (no shield)
rNeg    . . .      Spirit   .   (helmet restricted)
rPois   .          Reflect  .   (no amulet)
rElec   .          Harm     .   (no ring)
rCorr   .          Rampage  .   (no ring)
Will    .....                   (no ring)
Stlth   +++.......              (no ring)
HPRegen 0.07/turn               (no ring)
MPRegen 0.10/turn               (no ring)
                                (no ring)
                                (no ring)

@: no status effects
A: almost no armour, amphibious, 8 rings, camouflage 1, gelatinous body 1,
(nimble swimmer 1), tentacles
a: no special abilities


You were on level 1 of the Dungeon.
You visited 1 branch of the dungeon, and saw 1 of its levels.

You collected 49 gold pieces.

Inventory:

Scrolls
 a - a scroll of enchant armour {unknown}
 c - 2 scrolls of identify {unknown}
Potions
 b - a potion of attraction {unknown}
 d - 2 potions of ambrosia {unknown}
 e - 2 potions of curing {unknown}
 f - a potion of mutation {unknown}


   Skills:
 - Level 2.0 Dodging
 - Level 2.6 Stealth
 + Level 2.4 Spellcasting
 - Level 1.0 Conjurations
 * Level 3.7 Fire Magic


You had 5 spell levels left.
You knew the following spells:

 Your Spells              Type           Power      Damage    Failure   Level
a - Foxfire               Conj/Fire      44%        2x1d6     6%          1

Your spell library contained the following spells:

 Spells                   Type           Power      Damage    Failure   Level
 Scorch                   Fire           32%        2d6       5%          2
 Conjure Flame            Conj/Fire      11%        6-21      19%         3
 Inner Flame              Hex/Fire       9%         N/A       22%         3
 Flame Wave               Conj/Fire      11%        2d5       52%         4


Dungeon Overview and Level Annotations

Branches:
Dungeon (1/15)

Altars:


Innate Abilities, Weirdness & Mutations

You cannot wear most types of armour.
You are amphibious.
You can wear up to eight rings at the same time.
Your skin changes colour to match your surroundings (Stealth+).
Your rubbery body absorbs attacks. (AC +1, EV +1)
((You are camouflaged when in or above water. (Stealth+)))
You have tentacles for arms and can constrict up to eight enemies at once.


Message History

The jackal barely misses you.
The jackal bites you but does no damage.
The jackal closely misses you. The jackal barely misses you.
The jackal bites you. The jackal bites you.
Casting: Foxfire (safe; 7% risk of failure)
Confirm with . or Enter, or press ? or * to list all spells.
You conjure some foxfire!
The jackal bites you but does no damage.
The foxfire hits the jackal.
The jackal is almost dead.
The jackal misses you.
Your foxfire dissipates!
Found a stone staircase leading down.
The jackal completely misses you. The jackal bites you. The jackal bites you.
The jackal bites you.
* * * LOW HITPOINT WARNING * * *
There is a stone staircase leading down here.
Casting: Foxfire (safe; 7% risk of failure)
Confirm with . or Enter, or press ? or * to list all spells.
You conjure some foxfire!
The jackal bites you.
* * * LOW HITPOINT WARNING * * *
The jackal closely misses you.
The foxfire hits the jackal.
You kill the jackal!
You have reached level 3!
Your experience leads to an increase in your attributes!
Increase (S)trength, (I)ntelligence, or (D)exterity?
You feel clever. x2
Casting: Foxfire (safe; 6% risk of failure)
Confirm with . or Enter, or press ? or * to list all spells.
You conjure some foxfire!
The goblin closely misses you.
The foxfire hits the goblin.
The goblin is severely wounded.
The goblin hits you with a +0 club.
* * * LOW HITPOINT WARNING * * *
The goblin hits you with a +0 club.
You die...

#.# #.#.# #.#
#.#.# #.# #.#.#
#.# #######.#.#
#.# #....._.†.#
#.# #.####.†###
#.# ##.#
#g#####.#####.##
#.@..........#.##
#######.###.###.##
...=...g## ##.#
###h.###.###.### #
#.#..... #.#####
###


You could see a goblin.

Vanquished Creatures
  6 endoplasms (D:1)
  A giant cockroach (D:1)
  A hobgoblin (D:1)
  5 jackals (D:1)
  2 quokkas (D:1)
  A bat (D:1)
  2 frilled lizards (D:1)
  A kobold (D:1)
  A rat (D:1)
20 creatures vanquished.

Vanquished Creatures (others)
  56 foxfires (D:1)
56 creatures vanquished.

Grand Total: 76 creatures vanquished

Notes
Turn   | Place    | Note
-------+----------+-------------------------------------------
     0 | D:1      | Froggeryz the Octopode Fire Elementalist began the quest
                  | for the Orb.
     0 | D:1      | Reached XP level 1. HP: 11/11 MP: 3/3
   410 | D:1      | Reached XP level 2. HP: 17/17 MP: 3/5
   897 | D:1      | Found a faded altar of an unknown god.
   981 | D:1      | Reached XP level 3. HP: 6/21 MP: 1/6
   983 | D:1      | Slain by a goblin

Illustrated notes

Levels and vault maps discovered:
D:1:      shiori_arrival_maze, layout_loops_ring, basic_ecumenical_altar

Action                   || total
-------------------------++-------
 Cast: Foxfire           ||    37
Armor: Skin              ||     4
Dodge: Dodged            ||    21
